Map: King's Cove LE

Players

LiquidMaNa (MaNa)

  • Race: Protoss Protoss
  • League: Grandmaster
  • Spawn Location: 5:00

LiquidClem (Clem) - Winner!

  • Race: Terran Terran
  • League: Grandmaster
  • Spawn Location: 11:00

Event: HomeStory Cup XXVI

VOD

Have the link to the VOD?

Description

Time

  • Played on: Nov. 30, 2024, 6:51 a.m.
  • Length: 10:48

All games in this series

Show
View Real Time Build Order
Export as new Build Order

LiquidMaNa Protoss 

Build Orders: 1 Gate Expand, Oracle Opening, Phoenix Opening, Colossus Rush 

Get SALT Encoding   

  12  0:00  Probe  
  13  0:12  Probe  
  14  0:18  Pylon  
  14  0:24  Probe  
  15  0:32  Probe  
  15  0:36  Gateway  
  15  0:40  Probe  
  16  0:46  Assimilator  
  17  0:51  Probe  
  18  1:03  Probe  
  19  1:15  Probe  
  20  1:23  Cybernetics Core  
  20  1:35  Nexus  
  20  1:39  Probe  
  21  1:46  Pylon  
  21  1:51  Probe  
  22  1:55  Assimilator, Adept  
  22  2:05  Probe  
  22  2:08  Warp Gate  
  25  2:16  Probe  
  26  2:24  Probe  
  26  2:25  Sentry  
  26  2:26  Phoenix  
  29  2:32  Probe  
  30  2:43  Probe  
  30  2:46  Stargate  
  30  2:48  Probe  
  32  2:55  Probe  
  32  2:59  Stalker  
  32  3:00  Probe  
  35  3:07  Probe  
  35  3:12  Probe  
  36  3:19  Probe  
  37  3:20  Oracle, Phoenix  
  37  3:24  Probe  
  38  3:32  Probe  
  42  3:36  Probe  
  42  3:39  Gateway  
  43  3:44  Assimilator, Probe  
  43  3:45  Assimilator  
  43  3:48  Probe  
  45  3:52  Pylon  
  45  3:54  Robotics Facility  
  45  3:56  Probe  
  46  4:10  Probe x2, Phoenix  
  50  4:17  Shield Battery  
  50  4:20  Pylon  
  50  4:22  Probe x2  
  50  4:23  Stalker  
  54  4:38  Pylon, Probe x2, Phoenix  
  58  4:43  Observer  
  59  4:50  Probe x2  
  59  4:51  Robotics Bay  
  61  4:53  Immortal  
  61  5:02  Probe  
  66  5:16  Probe  
  67  5:24  Twilight Council  
  67  5:33  Observer  
  67  5:36  Nexus  
  67  5:37  Pylon  
  67  5:40  Extended Thermal Lance  
  67  5:41  Colossus  
  68  5:45  Pylon  
  68  5:47  Probe x2  
  76  5:57  Zealot  
  76  6:02  Charge  
  78  6:05  Gateway  
  78  6:06  Sentry  
  78  6:07  Gateway  
  78  6:08  Gateway  
  80  6:14  Shield Battery  
  80  6:16  Phoenix  
  82  6:25  Probe  
  82  6:26  Probe  
  82  6:30  Pylon  
  82  6:31  Pylon  
  84  6:37  Colossus  
  84  6:41  Forge  
  84  6:46  Probe x2  
  90  6:58  Probe x2  
  90  7:01  Zealot x3  
  90  7:03  Probe  
  97  7:10  Probe  
  97  7:14  Zealot  
  100  7:15  Zealot, Protoss Ground Weapons Level 1  
  100  7:16  Probe x2  
  100  7:17  Colossus  
  104  7:26  Shield Battery  
  104  7:28  Probe x2  
  104  7:29  Probe  
  113  7:39  Pylon  
  113  7:41  Pylon  
  113  7:42  Probe  
  114  7:57  Zealot x2  
  114  7:58  Zealot x3  
  123  8:05  Colossus  
  123  8:10  Probe x3  
  130  8:21  Nexus  
  130  8:23  Zealot x2  
  130  8:26  Pylon  
  132  8:32  Nexus  
  132  8:38  Zealot x2  
  127  8:59  Probe x2  
  127  9:01  Warp Prism  
  127  9:02  Zealot x4  
  127  9:03  Zealot  
  127  9:07  Templar Archives  
  137  9:11  Gateway  
  133  9:24  Stalker x3, Psionic Storm  
  125  9:25  Stalker x2  
  125  9:26  Probe  
  125  9:30  Probe x2  
  132  9:38  Probe  
  132  9:44  Nexus  
  133  9:48  High Templar, Gravitic Drive  
  133  9:49  High Templar x3  
  141  9:54  Assimilator  
  141  9:55  Assimilator  
  141  9:57  Probe  
  141  9:58  Probe x2  
  144  10:02  Warp Prism  
  146  10:07  Zealot  
  130  10:32  Zealot x2  
  131  10:37  Zealot  
Show
View Real Time Build Order
Export as new Build Order

LiquidClem Terran - Winner!

Build Orders: Reaper Expand 

Get SALT Encoding   

  12  0:00  SCV  
  13  0:12  SCV  
  14  0:17  Supply Depot  
  14  0:24  SCV  
  15  0:39  SCV  
  15  0:41  Barracks  
  16  0:44  Refinery  
  16  0:51  SCV  
  17  1:03  SCV  
  18  1:15  SCV  
  19  1:28  Orbital Command, Reaper  
  20  1:41  Command Center  
  20  1:48  Supply Depot  
  20  1:53  SCV  
  21  2:00  Marine  
  22  2:05  SCV  
  23  2:09  Factory  
  23  2:14  Bunker  
  23  2:17  SCV  
  23  2:20  Barracks Reactor  
  24  2:24  Refinery  
  24  2:29  SCV  
  25  2:41  SCV  
  26  2:54  Orbital Command  
  26  2:55  Starport  
  26  2:56  SCV  
  26  2:57  Marine x2  
  29  2:58  Factory Tech Lab  
  29  3:08  SCV  
  30  3:14  Supply Depot  
  30  3:15  Marine x2  
  32  3:20  SCV x2  
  32  3:25  Factory Tech Lab  
  34  3:32  SCV x2  
  34  3:33  Marine x2  
  38  3:38  Raven  
  40  3:44  SCV  
  40  3:45  SCV  
  40  3:47  Supply Depot  
  42  3:51  Marine x2  
  42  3:53  Siege Tank  
  47  3:56  SCV  
  47  3:57  SCV  
  47  4:02  Barracks  
  49  4:06  Supply Depot  
  49  4:09  SCV x2  
  51  4:10  Marine x2  
  53  4:20  Engineering Bay, Refinery  
  53  4:21  SCV  
  53  4:23  SCV  
  55  4:26  Supply Depot  
  55  4:33  SCV, Cyclone, Marine x2  
  55  4:36  SCV  
  61  4:45  SCV  
  62  4:47  Terran Infantry Weapons Level 1  
  62  4:48  Supply Depot, SCV  
  62  4:50  Barracks  
  63  4:53  Refinery  
  63  4:57  SCV  
  63  4:59  Marine, Stimpack  
  64  5:00  SCV  
  64  5:04  Supply Depot  
  66  5:08  Starport Reactor, Marine  
  66  5:09  SCV  
  66  5:12  SCV  
  69  5:15  Factory Reactor  
  69  5:18  Marauder  
  71  5:21  SCV  
  71  5:22  Supply Depot  
  71  5:24  SCV, Marine  
  71  5:26  Marine  
  75  5:31  Supply Depot  
  75  5:33  SCV  
  76  5:36  SCV  
  76  5:39  Marauder  
  76  5:42  Marine  
  80  5:44  Combat Shield, Marine  
  80  5:46  Supply Depot, Marauder, Medivac  
  80  5:49  Medivac  
  88  5:53  Widow Mine x2  
  91  6:00  Marine, Marauder  
  91  6:02  Marine  
  95  6:07  Marauder  
  95  6:11  Command Center  
  97  6:15  Supply Depot  
  97  6:16  Widow Mine  
  99  6:20  Marine x2  
  99  6:22  Widow Mine  
  99  6:24  Marauder  
  99  6:25  Medivac  
  107  6:26  Medivac  
  107  6:31  Barracks  
  111  6:33  Marauder  
  111  6:37  Barracks  
  111  6:43  Supply Depot, Widow Mine  
  111  6:45  SCV x2  
  115  6:49  Supply Depot  
  115  6:53  Marine, Marauder  
  115  6:55  Marine  
  115  6:57  SCV x2  
  115  7:00  Viking  
  118  7:04  Terran Infantry Armor Level 1  
  118  7:09  SCV x2  
  118  7:11  Marine  
  118  7:13  Marine  
  122  7:16  Viking  
  122  7:21  SCV x2  
  126  7:24  Orbital Command  
  126  7:25  Barracks Tech Lab, Barracks Reactor  
  130  7:30  Widow Mine x2  
  130  7:31  Viking  
  130  7:32  Marine  
  130  7:33  Marine  
  130  7:34  SCV x2  
  136  7:38  Marauder  
  136  7:41  Marauder  
  140  7:46  SCV x2  
  140  7:48  Ghost Academy  
  140  7:49  SCV  
  143  7:54  Marine, Missile Turret  
  143  7:58  SCV x2, Marauder  
  148  8:00  Marauder  
  148  8:01  SCV  
  151  8:07  Marauder, Viking  
  151  8:09  Supply Depot  
  151  8:10  SCV x2  
  157  8:15  Supply Depot  
  157  8:20  Marine x3  
  157  8:25  Marine  
  157  8:30  Ghost, Viking  
  157  8:31  Ghost, Command Center  
  165  8:34  Marine  
  165  8:39  Marine x2  
  164  8:44  Armory  
  164  8:47  Engineering Bay  
  164  8:48  Refinery, Widow Mine  
  164  8:49  Refinery  
  164  8:50  Marine  
  164  8:51  Marine, Ghost  
  154  8:57  Marine, Widow Mine, Viking  
  154  8:58  Marine  
  154  8:59  Ghost  
  162  9:03  Supply Depot  
  162  9:05  Supply Depot  
  162  9:09  Marine, Ghost  
  163  9:11  Viking  
  163  9:12  Marine  
  163  9:15  Marine  
  170  9:22  Marine  
  163  9:26  SCV x3, Ghost  
  163  9:28  Marine, Ghost  
  167  9:34  Marine x2  
  167  9:35  Starport  
  167  9:38  SCV  
  170  9:39  SCV  
  170  9:42  Ghost  
  167  9:46  Barracks  
  167  9:48  Barracks  
  167  9:49  SCV  
  167  9:50  SCV  
  167  9:51  SCV, Barracks  
  170  9:57  Ghost  
  173  10:02  Viking  
  173  10:04  Viking  
  176  10:10  SCV, Marauder  
  176  10:11  Marine, Marauder  
  182  10:17  Missile Turret  
  182  10:18  Marine  
  182  10:20  SCV  
  183  10:22  Marine  
  183  10:27  Marauder  
Tags
 
Add a new tag
Caveats
  • Supply blocks, unpowered buildings, or Contaminate may cause inaccurate times.
  • Supply counts are checked every 10 seconds.